 Dungeon Crawl Stone Soup version 0.22-a0-254-gaf95ca0 (webtiles) character file.

4 mhoghedin the Conjurer (level 1, -2/20 HPs)
             Began as a Gnoll Wanderer on Mar 4, 2018.
             Slain by a kobold
             ... wielding a +2 dagger of distortion
              (5 damage)
             ... on level 1 of the Dungeon.
             The game lasted 00:00:29 (249 turns).

mhoghedin the Conjurer (Gnoll Wanderer)              Turns: 249, Time: 00:00:29

Health: -2/20      AC:  2    Str: 14    XL:     1   Next: 60%
Magic:  1/1        EV: 13    Int: 13    God:
Gold:   0          SH:  0    Dex: 15    Spells: 0/0 levels left

rFire    . . .     SeeInvis .   a - +2 falchion
rCold    . . .     Gourm    .   (no shield)
rNeg     . . .     Faith    .   d - +0 robe
rPois    .         Spirit   .   (no helmet)
rElec    .         Reflect  .   (no cloak)
rCorr    .         Harm     .   (no gloves)
MR       .....                  (no boots)
Stlth    ++........             (no amulet)
HPRegen  0.06/turn              (no ring)
MPRegen  0.07/turn              (no ring)

@: no status effects
A: distributed training, fangs 1, strong nose
a: no special abilities


You were on level 1 of the Dungeon.
You were not hungry.

You visited 1 branch of the dungeon, and saw 1 of its levels.

Inventory:

Hand Weapons
 a - a +2 falchion (weapon)
Armour
 d - a +0 robe (worn)
Scrolls
 c - a scroll of teleportation
 e - a scroll of remove curse {unknown}
 g - a scroll of identify {unknown}
Potions
 b - a potion of curing
Comestibles
 f - a ration


   Skills:
 + Level 4.4 Fighting
 + Level 0.0 Short Blades
 + Level 2.3 Long Blades
 + Level 0.0 Axes
 + Level 0.0 Maces & Flails
 + Level 0.0 Polearms
 + Level 0.0 Staves
 + Level 0.0 Slings
 + Level 0.0 Bows
 + Level 0.0 Crossbows
 + Level 2.3 Throwing
 + Level 0.0 Armour
 + Level 2.3 Dodging
 + Level 2.1 Stealth
 + Level 2.3 Shields
 + Level 0.0 Unarmed Combat
 + Level 0.0 Spellcasting
 + Level 5.3 Conjurations
 + Level 0.0 Hexes
 + Level 0.0 Charms
 + Level 0.0 Summonings
 + Level 0.0 Necromancy
 + Level 0.0 Translocations
 + Level 0.0 Transmutations
 + Level 0.0 Fire Magic
 + Level 0.0 Ice Magic
 + Level 0.0 Air Magic
 + Level 0.0 Earth Magic
 + Level 0.0 Poison Magic
 + Level 0.1 Invocations
 + Level 0.0 Evocations


You couldn't memorise any spells.
You didn't know any spells.

Dungeon Overview and Level Annotations

Branches:
Dungeon (1/15)

Altars:


Innate Abilities, Weirdness & Mutations

Your experience applies equally to all skills.
You have very sharp teeth.
Your uncanny sense of smell can sniff out nearby items.


Message History

Welcome, mhoghedin the Gnoll Wanderer.
Will you be the one to retrieve the fabulous Orb of Zot from the depths?
Found 18 stones, a scroll labeled ZUH UTO YRGHAUBB and 7 poisoned needles.
Found a staircase leading out of the dungeon.
Unknown command.
You open the door.
There is an open door here.
There is an open door here.
A hobgoblin comes into view. It is wielding a club.
The hobgoblin shouts!
The hobgoblin hits you with a club.
You take 6 damage, and have 14/20 hp.
MASSIVE DAMAGE!!
You hit the hobgoblin but do no damage. The hobgoblin hits you with a club.
You take 6 damage, and have 8/20 hp.
MASSIVE DAMAGE!!
You are too injured to fight recklessly!
You are too injured to fight recklessly!
You are too injured to fight recklessly!
You hit the hobgoblin.
You kill the hobgoblin!
A kobold comes into view. It is wielding a short sword.
Things that are here:
a club; a hobgoblin corpse You are too injured to fight recklessly!
The kobold shouts!
The kobold hits you but does no damage. The kobold misses you.
You hit the kobold. The kobold barely misses you.
You slash the kobold!
You kill the kobold!
e - a scroll labeled UTIL ICLIGO
Things that are here:
a short sword; 3 stones You start resting.
Health restored: 20
g - a scroll labeled ZUH UTO YRGHAUBB A ball python comes into view.
A kobold comes into view.
It is wielding an enchanted short sword.
The ball python bites you. The ball python closely misses you.
You take 1 damage, and have 19/20 hp.
You completely miss the ball python. Your bite misses the ball python.
The ball python misses you. The ball python closely misses you.
You slash the ball python!
You kill the ball python!
A kobold comes into view. It is wielding a dagger of distortion.
The kobold shouts!
The kobold throws a stone.
The stone misses you.
Found a stone staircase leading down.
The kobold hits you but does no damage.
You closely miss the kobold.
The kobold hits you with an enchanted short sword.
You take 4 damage, and have 15/20 hp.
You closely miss the kobold. Your bite misses the kobold.
The kobold completely misses you.
You slash the kobold!
You kill the kobold!
The kobold throws a stone.
The stone closely misses you. The kobold hits you but does no damage.
Space warps horribly around you!
Ouch! That really hurt!
* * * LOW HITPOINT WARNING * * *
You see here an enchanted short sword.
You take 12 damage, and have 3/20 hp.
MASSIVE DAMAGE!!
You closely miss the kobold.
The kobold hits you with a dagger of distortion.
You die...

... ....... ...#
#.....
..........###
......#......###
...............#
#.#............
#.......K.....#
####.##.##@#...#
...!..........#
......#...#.#.....
......#.†...#......
......#..#..# .....
...%........# .....
..........#.#∆ ....
#.........#.# ....
...##≈≈≈#+...#.#


You could see a kobold.

Vanquished Creatures
  A hobgoblin (D:1)
  2 kobolds (D:1)
  A ball python (D:1)
4 creatures vanquished.

Notes
Turn   | Place    | Note
-------+----------+-------------------------------------------
     0 | D:1      | mhoghedin the Gnoll Wanderer began the quest for the Orb.
     0 | D:1      | mhoghedin set off with: a +2 falchion, a potion of curing, a scroll of teleportation, a +0 robe, a ration
     0 | D:1      | Reached XP level 1. HP: 20/20 MP: 1/1
   248 | D:1      | HP: 3/20 [kobold/dagger of distortion (13)]
   249 | D:1      | Slain by a kobold

Vault maps used:
D:1:      dpeg_arrival_rooms_with_view, nicolae_ashenzari_panopticon

Action                   || total
-------------------------++-------
Melee: Falchion          ||    10
Armor: Robe              ||     1
Dodge: Dodged            ||     8

Table legend:
 A = Spawn XP
 B = Non-spawn XP
 C = Spawn XP percentage of total XP
 D = Spawn monster count
 E = Non-spawn monster count
 F = Spawn count percentage of total count
 G = Total turns spent on level
                    A         B        C        D         E        F      G
               +---------+---------+-------+---------+---------+-------+---------
         Total |       0 |       6 |   0.0 |       0 |       4 |   0.0 |   249
               +---------+---------+-------+---------+---------+-------+---------
           D:1 |       0 |       6 |   0.0 |       0 |       4 |   0.0 |   249
               +---------+---------+-------+---------+---------+-------+---------

Vault maps used:
D:1:      dpeg_arrival_rooms_with_view, nicolae_ashenzari_panopticon

Table legend:
 A = Turns spent in this place as a percentage of turns spent in the entire game.
 B = Non-inter-level travel turns spent in this place as a percentage of non-inter-level travel turns spent in the entire game.
 C = Inter-level travel turns spent in this place as a percentage of turns spent in this place.
 D = Turns resting spent in this place as a percentage of non-inter-level travel turns spent in this place.
 E = Turns spent auto-exploring this place as a percentage of non-inter-level travel turns spent in this place.
 F = Non-inter-level travel turns spent in this place divided by the number of levels of this place that you've seen.
                   A       B       C       D       E      F
               +-------+-------+-------+-------+-------+----------------------
         Total | 100.0 | 100.0 |   0.0 |  75.9 |  11.6 | 249.0
       Dungeon | 100.0 | 100.0 |   0.0 |  75.9 |  11.6 | 249.0
               +-------+-------+-------+-------+-------+----------------------

Table legend:
 A = Kills in this place as a percentage of kills in entire the game.
 B = Kills by you in this place as a percentage of kills by you in the entire game.
 C = Kills by friends in this place as a percentage of kills by friends in the entire game.
 D = Other kills in this place as a percentage of other kills in the entire game.
 E = Experience gained in this place as a percentage of experience gained in the entire game.
 F = Experience gained in this place divided by the number of levels of this place that you have seen.
                   A       B       C       D       E      F
               +-------+-------+-------+-------+-------+----------------------
         Total | 100.0 | 100.0 |   N/A |   N/A | 100.0 |   6.0
       Dungeon | 100.0 | 100.0 |   N/A |   N/A | 100.0 |   6.0
               +-------+-------+-------+-------+-------+----------------------
